AoeStats
← Lænsmannj

MegaRandom

510283355Analyzed
3v3 RM · 5h ago on Sep 30, 2026· 36m 33s· 6 players
Game mode
Random Map
Map size
Normal (6 player)
Population
200
Speed
Normal
Resources
Standard
Victory
Conquest
Starting age
Dark Age
Ending age
Imperial Age
RankedLock teamsTeams togetherTeam positionsShared explorationLock speedFull tech treeHidden civsTurbo modeCheats
Victory
Defeat
🇳🇴 Vikings · Norway
848
+12
🇵🇭 Varangians · Philippines
828
+12
🇦🇺 Persians · Australia
803
+14
🇦🇹 Byzantines · Austria
757
-13
🇫🇷 Japanese · France
752
-13
🇫🇷 Vietnamese · France
738
-12
suoplementmayo
4:57 Loom
10:45 Feudal Age
11:15 Double-Bit Axe
11:16 Horse Collar
16:08 Fletching
16:54 Padded Archer Armor
24:03 Castle Age
24:08 Crossbowman
25:43 Pikeman
27:06 Bow Saw
28:21 Wheelbarrow
29:48 Ballistics
31:26 Murder Holes
33:54 Hand Cart
Yomzii
8:03 Loom
12:07 Feudal Age
14:01 Double-Bit Axe
15:36 Man-at-Arms
17:04 Scale Mail Armor
17:15 Forging
18:20 Wheelbarrow
17:36 Horse Collar
21:31 Castle Age
21:57 Long Swordsman
22:38 Squires
22:24 Gambesons
24:06 Heavy Plow
24:19 Bow Saw
24:02 Gold Mining
24:03 Stone Mining
26:15 Husbandry
28:10 Arson
31:50 Bloodlines
35:34 Hand Cart
ChessFish888
8:09 Loom
11:13 Feudal Age
12:44 Double-Bit Axe
12:41 Horse Collar
15:20 Scale Barding Armor
17:37 Forging
23:51 Castle Age
23:30 Stone Mining
24:52 Scale Mail Armor
25:52 Squires
25:13 Pikeman
25:58 Husbandry
31:20 Chain Barding Armor
32:59 Heavy Plow
33:15 Bow Saw
38:45 Imperial Age
36:50 Wheelbarrow
37:09 Iron Casting
36:25 Fletching
Banana Cop
12:46 Feudal Age
18:58 Double-Bit Axe
21:14 Castle Age
19:00 Horse Collar
19:14 Gold Mining
19:15 Stone Mining
20:20 Fletching
20:31 Padded Archer Armor
22:44 Bow Saw
23:21 Heavy Plow
26:44 Kamandaran
26:21 Crossbowman
30:07 Bodkin Arrow
30:35 Ballistics
31:05 Leather Archer Armor
35:09 Imperial Age
34:55 Gold Shaft Mining
34:57 Stone Shaft Mining
36:31 Chemistry
36:14 Thumb Ring
36:42 Ring Archer Armor
36:42 Conscription
Lænsmannj
9:11 Feudal Age
9:54 Loom
10:29 Double-Bit Axe
15:00 Horse Collar
19:19 Castle Age
18:05 Man-at-Arms
20:36 Bow Saw
20:31 Heavy Plow
19:57 Crossbowman
21:03 Long Swordsman
21:46 Stone Mining
26:57 Fletching
27:20 Forging
29:37 Iron Casting
28:58 Bodkin Arrow
31:31 Gold Mining
32:07 Scale Mail Armor
32:07 Padded Archer Armor
34:15 Elite Skirmisher
36:39 Chain Mail Armor
36:40 Leather Archer Armor
Nagazuki
10:24 Feudal Age
10:41 Loom
10:58 Double-Bit Axe
18:15 Castle Age
16:15 Horse Collar
16:36 Arson
17:47 Forging
17:38 Scale Mail Armor
19:10 Squires
32:47 Gambesons
Connection lost

Rejoining the realm…

Still unreachable

The connection could not be restored.

Session expired

The server has moved on; the page needs a fresh start.